 Dungeon Sprint DCSS version 0.27-a0-1256-gced786f65e (webtiles) character file.

Game seed: 13043660878566867707

19959 rocky1 the Peltast (level 13, -3/112 HPs)
             Began as a Formicid Fighter on June 11, 2021.
             Was the Champion of Cheibriados.
             Killed from afar by a fire dragon (16 damage)
             ... with a blast of flame
             ... in the Dungeon (Sprint IX: "|||||||||||||||||||||||||||||").
             The game lasted 00:15:04 (2720 turns).

rocky1 the Peltast (Formicid Fighter)               Turns: 2720, Time: 00:15:04

Health: -3/112     AC: 27    Str: 42    XL:     13   Next: 8%
Magic:  22/22      EV: 20    Int: 22    God:    Cheibriados [******]
Gold:   484        SH: 17    Dex: 25    Spells: 12/12 levels left

rFire    + . .     SeeInvis +   d - +2 war axe (vamp)
rCold    . . .     Faith    .   c - +0 kite shield
rNeg     . . .     Spirit   .   v - +2 plate armour {rF+}
rPois    .         Reflect  .   (helmet unavailable)
rElec    .         Harm     .   G - +1 cloak
rCorr    .         Rampage  .   x - +1 pair of gloves "Kipineaq" {SInv Stlth+}
Will     +....                  u - +0 pair of boots
Stlth    ..........             (no amulet)
HPRegen  0.28/turn              m - +2 ring of evasion
MPRegen  0.18/turn              n - +2 ring of protection

@: very slow
A: permanent stasis, dig shafts and tunnels, antennae 3, four strong arms
a: Dig, Renounce Religion, Bend Time, Temporal Distortion, Slouch, Step From
Time


You were in the Dungeon.
You worshipped Cheibriados.
Cheibriados was exalted by your worship.
You visited 1 branch You collected 1941 gold pieces.
You spent 1457 gold pieces at shops.

Inventory:

Hand Weapons
 d - a +2 vampiric war axe (weapon)
 j - a +2 scimitar of flaming
 k - a +2 vorpal great sword
 t - a +2 scimitar of holy wrath
Armour
 b - a +2 chain mail of positive energy
 c - a +0 kite shield (worn)
 u - a +0 pair of boots (worn)
 v - a +2 plate armour of fire resistance (worn)
 w - the +0 plate armour of Silumovots {rElec}
   (You bought it in a shop in the Dungeon)

   It insulates you from electricity.
 x - the +1 pair of gloves "Kipineaq" (worn) {SInv Stlth+}
   (You bought it in a shop in the Dungeon)

   It lets you see invisible.
   It makes you more stealthy.
 C - +0 swamp dragon scales
 D - +0 storm dragon scales
 E - a +1 scale mail of fire resistance
 F - +1 ice dragon scales
 G - a +1 cloak (worn)
Jewellery
 m - a +2 ring of evasion (left hand)
 n - a +2 ring of protection (right hand)
 y - an amulet of reflection
 z - a ring of flight
 A - a ring of willpower
 B - a ring of protection from cold
Wands
 i - a wand of iceblast (10)
Scrolls
 h - 2 scrolls of amnesia
 p - 4 scrolls of identify
 q - 6 scrolls of enchant armour
 r - 2 scrolls of enchant weapon
 s - 2 scrolls of fog
 I - 2 scrolls of fear
Potions
 a - a potion of might
 e - 4 potions of curing
 f - 9 potions of heal wounds
 g - 4 potions of magic
 o - a potion of mutation
 H - a potion of resistance
Miscellaneous
 l - a condenser vane


   Skills:
 + Level 13.7 Fighting
 + Level 14.8 Long Blades
 + Level 10.1 Axes
 + Level 13.7 Armour
 + Level 11.4 Dodging
 + Level 15.0 Shields
 - Level 13.0 Invocations


You had 12 spell levels left.
You didn't know any spells.
Your spell library was empty.

Dungeon Overview and Level Annotations

Branches:
Dungeon (1/1)

Altars:
Cheibriados
Dithmenos
Elyvilon
Fedhas
Gozag
Hepliaklqana
Kikubaaqudgha
Makhleb
Nemelex Xobeh
Okawaru
Qazlal
Ru
Sif Muna
Trog
Uskayaw
Vehumet
Wu Jian
Xom
Yredelemnul
Zin
The Shining One
Beogh
Jiyva
Lugonu

Shops:
D :[[*


Innate Abilities, Weirdness & Mutations

You cannot be hasted, slowed, berserked, paralysed or teleported.
You can dig through walls and to a lower floor.
You have a pair of large antennae on your head. (SInv)
Your four strong arms can wield two-handed weapons with a shield.


Message History

You hit the fire dragon but do no damage.
The fire dragon is lightly wounded.
You block the fire dragon's attack.
The fire dragon claws you but does no damage.
You block the fire dragon's attack.
You closely miss the fire dragon.
The fire dragon is lightly wounded.
You block the fire dragon's attack. The fire dragon closely misses you.
The fire dragon barely misses you.
You hit the fire dragon.
You feel better.
The fire dragon is lightly wounded.
The fire dragon bites you but does no damage.
The fire dragon closely misses you. x2
You slice the fire dragon!!
You feel better.
The fire dragon is moderately wounded.
The fire dragon breathes flames at you. The blast of flame hits you!!
You resist.
* * * LOW HITPOINT WARNING * * *
A basilisk comes into view.
You slice the fire dragon!!
The fire dragon is heavily wounded.
You block the fire dragon's attack. x3
Unknown command.
You hit the fire dragon but do no damage.
The fire dragon is heavily wounded.
You block the fire dragon's attack. x2; The fire dragon completely misses you.
You slice the fire dragon!!
The fire dragon is severely wounded.
The fire dragon barely misses you. You block the fire dragon's attack.
The fire dragon misses you.
You hit the fire dragon.
You feel better.
The fire dragon is severely wounded.
The fire dragon breathes flames at you. The blast of flame hits you!
You resist.
* * * LOW HITPOINT WARNING * * *
You barely miss the fire dragon.
The fire dragon is severely wounded.
The fire dragon breathes flames at you. The blast of flame hits you!
You resist.
You die... {{{{{{{{{ {{{{{{{{{ {{{{{{{{{ { { {{ ▓▓▓▓▓▓▓▓▓▓▓▓▓▓▓▓▓▓▓▓▓▓▓▓▓▓ {{{{{{

T...lCTTD@).......[[[...[.
▓▓▓▓▓▓▓▓▓▓▓▓▓▓▓▓▓▓▓▓▓▓▓▓▓▓▓▓▓▓▓▓▓
.†)....†.........................
▓▓▓▓▓▓▓▓▓▓▓▓▓▓▓▓▓▓▓▓▓▓▓▓▓▓▓▓▓▓▓▓▓
....∩.∩[∩.∩.[[..[....[....)[[)...
▓▓▓▓▓▓▓▓▓▓▓▓▓▓▓▓▓▓▓▓▓▓▓▓▓▓▓▓▓▓▓▓▓
.................................
▓▓▓▓▓▓▓▓▓▓▓▓▓▓▓▓▓▓▓▓▓▓▓▓▓▓▓▓▓▓▓▓▓
..'!.)(.....÷÷.'........††.......


You could see a fire dragon (catching breath), a stone giant, 2 deep troll earth
magi and a basilisk.

Vanquished Creatures
  4 hydras (D)
  A catoblepas (D)
  A centaur warrior (D)
  A death knight (D)
  6 death yaks (D)
  A deep elf pyromancer (D)
  11 orc knights (D)
  An ugly thing (D)
  An elephant (D)
  A black mamba (D)
  A cane toad (shapeshifter) (D)
  3 komodo dragons (D)
  A meliai (D)
  2 blink frogs (D)
  A wraith (D)
  2 wyverns (D)
  3 yaks (D)
  A basilisk (D)
  Grum (D)
  A vampire mosquito (D)
  A water moccasin (D)
  16 orc warriors (D)
  An ice beast (D)
  5 wolves (D)
  A centaur (D)
  3 bullfrogs (D)
  A gnoll sergeant (D)
  A howler monkey (D)
  2 orc priests (D)
  An iguana (D)
  An orc wizard (D)
  An adder (D)
  A dart slug (D)
  11 orcs (D)
  A hobgoblin (D)
  A ball python zombie (D)
  A bat (D)
  2 rats (D)
95 creatures vanquished.

Vanquished Creatures (others)
  A centaur warrior (D)
1 creature vanquished.

Grand Total: 96 creatures vanquished

Notes
Turn   | Place    | Note
-------+----------+-------------------------------------------
     0 | D        | rocky1 the Formicid Fighter began the quest for the Orb.
     0 | D        | Reached XP level 1. HP: 18/18 MP: 1/1
     6 | D        | Reached skill level 4 in Shields
    12 | D        | Reached XP level 2. HP: 24/24 MP: 2/2
   117 | D        | Noticed an ice beast
   117 | D        | Noticed a centaur
   121 | D        | Killed a centaur
   122 | D        | Reached XP level 3. HP: 19/29 MP: 3/3
   122 | D        | Reached XP level 4. HP: 23/35 MP: 4/4
   127 | D        | Reached XP level 5. HP: 19/41 MP: 5/5
   132 | D        | Killed an ice beast
   133 | D        | Reached XP level 6. HP: 7/47 MP: 6/6
   395 | D        | Found a snail-covered altar of Cheibriados.
   395 | D        | Found a shadowy altar of Dithmenos.
   395 | D        | Found a white marble altar of Elyvilon.
   395 | D        | Found a blossoming altar of Fedhas.
   395 | D        | Found an opulent altar of Gozag.
   396 | D        | Found a hazy altar of Hepliaklqana.
   397 | D        | Found a viscous altar of Jiyva.
   398 | D        | Found an ancient bone altar of Kikubaaqudgha.
   399 | D        | Became a worshipper of Cheibriados the Contemplative
   400 | D        | Found a corrupted altar of Lugonu.
   401 | D        | Found a burning altar of Makhleb.
   402 | D        | Found a sparkling altar of Nemelex Xobeh.
   403 | D        | Found an iron altar of Okawaru.
   404 | D        | Found a stormy altar of Qazlal.
   405 | D        | Found a sacrificial altar of Ru.
   406 | D        | Found a shimmering blue altar of Sif Muna.
   407 | D        | Found a bloodstained altar of Trog.
   408 | D        | Found a hide-covered altar of Uskayaw.
   409 | D        | Found a radiant altar of Vehumet.
   410 | D        | Found an ornate altar of the Wu Jian Council.
   411 | D        | Found a shimmering altar of Xom.
   412 | D        | Found a basalt altar of Yredelemnul.
   413 | D        | Found a glowing silver altar of Zin.
   414 | D        | Found a glowing golden altar of the Shining One.
   569 | D        | Noticed an orc warrior
   569 | D        | Noticed an orc warrior
   569 | D        | Noticed a yak
   573 | D        | Reached skill level 1 in Dodging
   573 | D        | Reached skill level 5 in Shields
   573 | D        | Reached skill level 1 in Invocations
   574 | D        | Killed a yak
   574 | D        | Reached * piety under Cheibriados
   575 | D        | Reached skill level 5 in Armour
   575 | D        | Reached skill level 6 in Shields
   575 | D        | Reached XP level 7. HP: 55/55 MP: 6/9
   581 | D        | Reached skill level 5 in Fighting
   592 | D        | Reached ** piety under Cheibriados
   610 | D        | Reached skill level 7 in Shields
   610 | D        | Reached skill level 5 in Invocations
   719 | D        | Noticed a vampire mosquito
   719 | D        | Noticed a wraith
   719 | D        | Noticed a centaur warrior
   719 | D        | Noticed an eight-headed hydra
   719 | D        | Noticed a yaktaur
   719 | D        | Noticed a meliai
   727 | D        | Noticed a queen bee
   727 | D        | a yaktaur changed into a queen bee
   729 | D        | Killed a meliai
   729 | D        | Reached *** piety under Cheibriados
   730 | D        | Reached XP level 8. HP: 17/65 MP: 8/12
   736 | D        | Killed a five-headed hydra
   737 | D        | Reached skill level 5 in Dodging
   737 | D        | Reached skill level 8 in Shields
   737 | D        | Reached XP level 9. HP: 28/73 MP: 8/14
   745 | D        | Noticed a cane toad
   745 | D        | a queen bee changed into a cane toad
   746 | D        | Killed a cane toad
   746 | D        | Reached **** piety under Cheibriados
   747 | D        | Reached skill level 9 in Shields
   754 | D        | Killed a centaur warrior
   755 | D        | Reached skill level 10 in Shields
   760 | D        | Reached ***** piety under Cheibriados
   761 | D        | Reached XP level 10. HP: 26/83 MP: 11/16
  1130 | D        | Noticed a black mamba
  1130 | D        | Noticed a komodo dragon
  1130 | D        | Noticed a komodo dragon
  1135 | D        | Killed a komodo dragon
  1136 | D        | Reached skill level 1 in Axes
  1148 | D        | Killed a komodo dragon
  1150 | D        | Killed a black mamba
  1151 | D        | Reached skill level 10 in Invocations
  1160 | D        | Reached skill level 11 in Shields
  1166 | D        | Reached ****** piety under Cheibriados
  1167 | D        | Reached skill level 10 in Armour
  1492 | D        | Noticed a komodo dragon
  1492 | D        | Noticed a seven-headed hydra
  1492 | D        | Noticed an elephant
  1494 | D        | Reached skill level 10 in Fighting
  1497 | D        | Killed an elephant
  1501 | D        | Killed a three-headed hydra
  1502 | D        | Reached XP level 11. HP: 75/92 MP: 17/19
  1531 | D        | Reached skill level 5 in Axes
  1607 | D        | Noticed a death yak
  1607 | D        | Noticed a death yak
  1607 | D        | Noticed a death yak
  1607 | D        | Noticed a death yak
  1607 | D        | Noticed a death yak
  1613 | D        | Noticed a death yak
  1616 | D        | Killed a death yak
  1617 | D        | Reached skill level 12 in Shields
  1621 | D        | Killed a death yak
  1622 | D        | Noticed a catoblepas
  1627 | D        | Killed a death yak
  1640 | D        | Killed a death yak
  1644 | D        | Killed a death yak
  1649 | D        | Killed a death yak
  1650 | D        | Reached skill level 13 in Shields
  1663 | D        | HP: 4/95 [catoblepas (9)]
  1666 | D        | Killed a catoblepas
  2098 | D        | Noticed an orc knight
  2105 | D        | Killed an orc knight
  2106 | D        | Reached skill level 10 in Dodging
  2106 | D        | Reached XP level 12. HP: 102/102 MP: 21/21
  2311 | D        | Found Meuwn's General Store.
  2341 | D        | Reached skill level 14 in Shields
  2351 | D        | Found Mufook's Antique Armour Shop.
  2355 | D        | Found Voucw's Armour Boutique.
  2359 | D        | Found Saso's Book Shop.
  2460 | D        | Bought a condenser vane for 520 gold pieces
  2470 | D        | Bought a transparent plate armour for 700 gold pieces
  2470 | D        | Identified the +0 plate armour of Silumovots {rElec} (You
                  | bought it in a shop in the Dungeon)
  2470 | D        | Bought a pair of dazzling gloves for 237 gold pieces
  2470 | D        | Identified the +1 pair of gloves "Kipineaq" {SInv Stlth+}
                  | (You bought it in a shop in the Dungeon)
  2507 | D        | Noticed Grum
  2517 | D        | Killed Grum
  2665 | D        | Noticed a centaur warrior
  2665 | D        | Noticed a four-headed hydra
  2665 | D        | Noticed a death knight
  2666 | D        | Noticed a five-headed hydra
  2673 | D        | Killed a death knight
  2680 | D        | Noticed a fire dragon
  2680 | D        | Noticed a deep troll earth mage
  2687 | D        | Killed a one-headed hydra
  2692 | D        | Killed a centaur warrior
  2693 | D        | Noticed a deep troll earth mage
  2694 | D        | Reached skill level 10 in Axes
  2694 | D        | Reached XP level 13. HP: 46/111 MP: 22/22
  2706 | D        | Killed a one-headed hydra
  2707 | D        | Reached skill level 15 in Shields
  2709 | D        | Noticed a stone giant
  2720 | D        | Killed from afar by a fire dragon

Illustrated notes

Levels and vault maps discovered:
D:        linesprint [early_d, line_temple, items_1, d_10, items_2, lair_1,
          lair_end, items_3, orc_1, orc_end, items_4, d_15, swamp_1, shoals_1,
          snake_1, spider_1, d_20, vaults_1, items_5, swamp_end, shoals_end,
          snake_end, spider_end, vaults_end, d_27, items_6, zot_1, zot_end,
          crypt_end, forest_end, elf_end, slime_end, tomb_end, abyss_end,
          pan_hell_end]

Skill      XL: |  1  2  3  4  5  6  7  8  9 10 11 12 13 |
---------------+----------------------------------------+-----
Shields        | 4 6 7 8 10 11 13 14 15 | 15.0
Long Blades    | 3 8 11 12 13 14 | 14.8
Dodging        | 2 4 5 7 8 10 11 | 11.4
Invocations    | 3 6 7 9 10 12 13 | 13.0
Fighting       | 4 6 7 9 10 12 13 | 13.7
Armour         | 5 6 7 9 10 12 13 | 13.7
Axes           | 4 7 10 | 10.1

Action                   |  1- 3 |  4- 6 |  7- 9 | 10-12 | 13-15 || total
-------------------------+-------+-------+-------+-------+-------++-------
Melee: Long sword        |     9 |    14 |       |       |       ||    23
       Scimitar          |       |     4 |    70 |   130 |     9 ||   213
       War axe           |       |       |       |   210 |    16 ||   226
Invok: Bend Time         |       |       |     1 |       |       ||     1
       Slouch            |       |       |       |     3 |       ||     3
  Use: Potion            |     1 |     1 |     2 |     3 |       ||     7
 Stab: Invisible         |       |       |     7 |       |       ||     7
Armor: Scale mail        |     4 |     3 |       |       |       ||     7
       Plate armour      |       |     1 |    19 |    44 |     8 ||    72
Dodge: Dodged            |     8 |     5 |    28 |    89 |    20 ||   150
Block: Kite shield       |     4 |     4 |    38 |   173 |    19 ||   238
       Rpst.: Long sword |     3 |     1 |       |       |       ||     4
       Scimitar          |       |       |     5 |     6 |       ||    11

Table legend: (Time is in decaauts)
 A = Elapsed time spent in this place.
 B = Non-inter-level travel time spent in this place.
 C = Inter-level travel time spent in this place.
 D = Time resting spent in this place.
 E = Time spent auto-exploring this place.
 F = Levels seen in this place.
 G = Mean time per level.
                   A        B        C        D        E       F      G
               +--------+--------+--------+--------+--------+-----+--------+
         Total |   3231 |   3231 |      0 |   1467 |      0 |   1 | 3231.0 |
       Dungeon |   3231 |   3231 |      0 |   1467 |      0 |   1 | 3231.0 |
               +--------+--------+--------+--------+--------+-----+--------+

Top non-repeatable levels by time:
       D: 3231 daAuts
